 Dungeon Crawl Stone Soup version 0.23-a0-389-g4a5eb33 (webtiles) character file.

2561080 Petrovich the Acrobat (level 27, 155/233 HPs)
             Began as a Merfolk Gladiator on Oct 27, 2018.
             Was the Champion of Yredelemnul.
             Escaped with the Orb
             ... and 4 runes on Oct 29, 2018!
             The game lasted 06:16:35 (59301 turns).

Petrovich the Acrobat (Merfolk Gladiator)          Turns: 59301, Time: 06:16:36

Health: 155/233    AC: 15    Str: 23    XL:     27
Magic:  26/33      EV: 35    Int:  9    God:    Yredelemnul [******]
Gold:   5949       SH:  6    Dex: 26    Spells: 16/46 levels left

rFire    + + +     SeeInvis .   W - +9 bardiche (flame)
rCold    + + +     Gourm    .   (shield currently unavailable)
rNeg     + . .     Faith    .   w - +5 ring mail {rPois}
rPois    +         Spirit   .   q - -2 hat of the Alchemist {rElec rPois rF+ rC+ rN+ MR+ rMut rCorr}
rElec    +         Reflect  +   g - +0 cloak of Perfidy {+Blink Dex+4 Slay+5}
rCorr    +         Harm     .   Z - +0 pair of gloves of Minor Irritation {*Slow rPois rF+ rC+}
rMut     +                      P - +0 pair of boots of Wonder {*Contam MR+ Str+4} (curse)
MR       +++++                  G - +6 amulet of reflection
Stlth    +.........             k - ring of protection from fire
HPRegen  0.48/turn              j - ring of Udyofies {rC+ MR+}
MPRegen  0.23/turn

@: no status effects
A: change form in water, swift swim, stealthy swim, deterioration 1, low mp 1
0: Orb of Zot
}: 4/15 runes: serpentine, barnacled, slimy, silver
a: Recall Undead Slaves, Injury Mirror, Animate Dead, Drain Life, Enslave Soul,
Renounce Religion, Evoke Blink


You escaped.
You worshipped Yredelemnul.
Yredelemnul was exalted by your worship.
You were not hungry.

You visited 11 branches of the dungeon, and saw 55 of its levels.
You visited the Abyss 1 time.
You also visited: Desolation.

You collected 8675 gold pieces.
You spent 2726 gold pieces at shops.

Inventory:

Hand Weapons
 W - a +9 bardiche of flaming (weapon)
Missiles
 d - a throwing net (quivered)
Armour
 g - the +0 cloak of Perfidy (worn) {+Blink Dex+4 Slay+5}
   (You found it on level 4 of the Depths)

   It affects your dexterity (+4).
   It affects your accuracy and damage with ranged weapons and melee attacks
   (+5).
   It lets you blink.
 q - the -2 hat of the Alchemist (worn) {rElec rPois rF+ rC+ rN+ MR+ rMut rCorr}
   (You bought it in a shop on level 1 of the Depths)

   It protects you from fire.
   It protects you from cold.
   It insulates you from electricity.
   It protects you from poison.
   It protects you from negative energy.
   It affects your resistance to hostile enchantments.
   It provides partial protection from all sources of acid and corrosion.
   It protects you from mutation.
 w - a +5 ring mail of poison resistance (worn)
 P - the cursed +0 pair of boots of Wonder (worn) {*Contam MR+ Str+4}
   (You found it on level 3 of the Depths)

   It affects your strength (+4).
   It affects your resistance to hostile enchantments.
   It causes magical contamination when unequipped.
   It has a curse placed upon it.
 Z - the +0 pair of gloves of Minor Irritation (worn) {*Slow rPois rF+ rC+}
   (You found it on level 3 of the Vaults)

   It protects you from fire.
   It protects you from cold.
   It protects you from poison.
   It may slow you when you take damage.
Jewellery
 j - the ring of Udyofies (right hand) {rC+ MR+}
   (You took it off an imperial myrmidon in the Desolation of Salt)

   [ring of protection from magic]

   It protects you from cold.
   It affects your resistance to hostile enchantments.
 k - a ring of protection from fire (left hand)
 r - the ring "Duanommu" {Wiz Str+3}
   (You found it on level 4 of the Depths)

   [ring of wizardry]

   It improves your spell success rate.
   It affects your strength (+3).
 t - the ring "Rager" {rPois rN++ Dex+3}
   (You took it off a deep elf sorcerer on level 3 of the Elven Halls)

   [ring of poison resistance]

   It affects your dexterity (+3).
   It protects you from poison.
   It greatly protects you from negative energy.
 G - a +6 amulet of reflection (around neck)
 Q - the ring of Fagogo {rC+ Int-6 Dex+2 SInv}
   (You found it on level 3 of the Snake Pit)

   [ring of intelligence]

   It affects your intelligence (-6).
   It affects your dexterity (+2).
   It protects you from cold.
   It lets you see invisible.
 V - the ring "Sug Ryow" {*Slow MR+ Int+2 Dex+2}
   (You took it off a deep elf blademaster on level 3 of the Elven Halls)

   [ring of protection from magic]

   It affects your intelligence (+2).
   It affects your dexterity (+2).
   It affects your resistance to hostile enchantments.
   It may slow you when you take damage.
Wands
 a - a wand of iceblast (58)
 o - a wand of enslavement (37)
 x - a wand of scattershot (8)
 J - a wand of paralysis (64)
 K - a wand of acid (47)
Scrolls
 b - 2 scrolls of blinking
 c - 4 scrolls of torment {!r}
 e - 8 scrolls of vulnerability {!r}
 h - 14 scrolls of fear
 i - 12 scrolls of identify
 p - a scroll of summoning
 z - a scroll of acquirement
 B - 8 scrolls of immolation {!r}
 M - 3 scrolls of magic mapping
 O - 2 scrolls of fog
 R - 30 scrolls of remove curse
 T - 14 scrolls of teleportation
Potions
 m - 9 potions of magic
 s - 3 potions of invisibility
 u - 11 potions of flight
 v - 13 potions of lignification {!q}
 y - 8 potions of resistance
 A - a potion of haste
 C - 17 potions of curing
 D - 2 potions of agility
 F - 7 potions of heal wounds
 H - 2 potions of ambrosia
 I - 15 potions of brilliance
 S - a potion of might
 X - 6 potions of cancellation
 Y - 7 potions of mutation {!q}
Miscellaneous
 l - a phial of floods
 n - a lamp of fire
 E - 2 boxes of beasts
 L - 2 sacks of spiders
 N - a lightning rod (4/4)
Comestibles
 f - 51 rations


   Skills:
 + Level 22.4 Fighting
 - Level 26.0 Polearms
 - Level 2.0 Throwing
 - Level 12.0 Armour
 + Level 26.2 Dodging
   Level 4.0 Shields
 - Level 10.0 Spellcasting
 - Level 5.0 Hexes
 - Level 6.0 Charms
 - Level 12.0 Necromancy
 - Level 8.0 Translocations
 - Level 12.0 Earth Magic
 - Level 12.0 Invocations
 + Level 11.6 Evocations


You had 16 spell levels left.
You knew the following spells:

 Your Spells              Type           Power        Failure   Level  Hunger
a - Apportation           Tloc           ###...       1%          1    None
c - Lesser Beckoning      Tloc           ###.......   2%          3    ##.....
h - Regeneration          Chrm/Necr      ###.......   1%          3    ##.....
u - Yara's Violent Unrav  Hex/Tmut       #.........   90%         5    ######.
w - Passwall              Tmut/Erth      ###.....     2%          2    #......
z - Borgnjor's Vile Clut  Necr/Erth      ####......   4%          5    ######.
B - Blink                 Tloc           N/A          1%          2    #......
M - Deflect Missiles      Chrm/Air       #.........   100%        6    #######
W - Spectral Weapon       Hex/Chrm       ##......     6%          3    ##.....

Your spell library contained the following spells:

 Spells                   Type           Power        Failure   Level  Hunger
 Animate Skeleton         Necr           N/A          1%          1    None
 Infusion                 Chrm           ###.         1%          1    None
 Pain                     Necr           ####         1%          1    None
 Sandblast                Erth           ####..       1%          1    None
 Corpse Rot               Necr           N/A          1%          2    #......
 Sublimation of Blood     Necr           ####......   1%          2    #......
 Vampiric Draining        Necr           ####......   1%          3    ##.....
 Animate Dead             Necr           N/A          1%          4    ####...
 Confusing Touch          Hex            ##....       2%          1    None
 Corona                   Hex            ##.....      2%          1    None
 Slow                     Hex            ##......     4%          2    #......
 Portal Projectile        Hex/Tloc       ###...       4%          3    ##.....
 Agony                    Necr           ####....     4%          5    ######.
 Dispel Undead            Necr           ####....     4%          5    ######.
 Lee's Rapid Deconstruct  Erth           ####......   4%          5    ######.
 Stone Arrow              Conj/Erth      ###...       5%          3    ##.....
 Leda's Liquefaction      Hex/Erth       ###.......   6%          4    ####...
 Confuse                  Hex            ##......     8%          3    ##.....
 Tukima's Dance           Hex            ##......     8%          3    ##.....
 Swiftness                Chrm/Air       #.......     9%          2    #......
 Ensorcelled Hibernation  Hex/Ice        #.....       11%         2    #......
 Excruciating Wounds      Chrm/Necr      ###.......   14%         5    ######.
 Petrify                  Tmut/Erth      ###.....     17%         4    ####...
 Ozocubu's Armour         Chrm/Ice       #.......     19%         3    ##.....
 Beastly Appendage        Tmut           #.....       21%         1    None
 Flame Tongue             Conj/Fire      #....        21%         1    None
 Freeze                   Ice            #...         21%         1    None
 Magic Dart               Conj           #...         21%         1    None
 Shock                    Conj/Air       #...         21%         1    None
 Summon Butterflies       Summ           #.......     21%         1    None
 Summon Small Mammal      Summ           #...         21%         1    None
 Dazzling Spray           Conj/Hex       #.....       22%         3    ##.....
 Inner Flame              Hex/Fire       #.......     22%         3    ##.....
 Cause Fear               Hex            ##........   26%         4    ####...
 Call Imp                 Summ           #.......     30%         2    #......
 Poisonous Vapours        Pois/Air       #.....       30%         2    #......
 Searing Ray              Conj           #.....       30%         2    #......
 Throw Flame              Conj/Fire      #.....       30%         2    #......
 Throw Frost              Conj/Ice       #.....       30%         2    #......
 Force Lance              Conj/Tloc      ##......     36%         4    ####...
 Bolt of Draining         Conj/Necr      ###.......   43%         5    ######.
 Conjure Flame            Conj/Fire      #.......     52%         3    ##.....
 Ignite Poison            Fire/Tmut/Pois #.......     52%         3    ##.....
 Mephitic Cloud           Conj/Pois/Air  #.......     52%         3    ##.....
 Spider Form              Tmut/Pois      #.........   52%         3    ##.....
 Static Discharge         Conj/Air       #.......     52%         3    ##.....
 Fulminant Prism          Conj/Hex       #.........   58%         4    ####...
 Bolt of Magma            Conj/Fire/Erth ##........   73%         5    ######.
 Dispersal                Tloc           ###.......   75%         6    #######
 Iskenderun's Battlesphe  Conj/Chrm      #.......     86%         5    ######.
 Airstrike                Air            #.........   90%         4    ####...
 Iskenderun's Mystic Bla  Conj           #.......     90%         4    ####...
 Olgreb's Toxic Radiance  Pois           #.......     90%         4    ####...
 Summon Ice Beast         Ice/Summ       #.......     90%         4    ####...
 Summon Lightning Spire   Summ/Air       #.......     90%         4    ####...
 Throw Icicle             Conj/Ice       #.......     90%         4    ####...
 Silence                  Hex/Air        #.........   90%         5    ######.
 Iron Shot                Conj/Erth      ###.......   95%         6    #######
 Statue Form              Tmut/Erth      ###......    95%         6    #######
 Alistair's Intoxication  Tmut/Pois      #.......     99%         5    ######.
 Aura of Abjuration       Summ           #.........   99%         5    ######.
 Fireball                 Conj/Fire      #.........   99%         5    ######.
 Irradiate                Conj/Tmut      #.........   99%         5    ######.
 Lightning Bolt           Conj/Air       #.........   99%         5    ######.
 Darkness                 Hex            ##........   99%         6    #######
 Invisibility             Hex            ##......     99%         6    #######
 Bolt of Fire             Conj/Fire      #.........   100%        6    #######
 Conjure Ball Lightning   Conj/Air       #.........   100%        6    #######
 Freezing Cloud           Conj/Ice/Air   #.........   100%        6    #######
 Hydra Form               Tmut           #.........   100%        6    #######
 Shadow Creatures         Summ           N/A          100%        6    #######
 Dragon Form              Tmut           #.........   100%        7    #######
 Haunt                    Necr/Summ      ###.......   100%        7    #######
 Malign Gateway           Summ/Tloc      ##........   100%        7    #######
 Ring of Flames           Chrm/Fire      #.........   100%        7    #######
 Borgnjor's Revivificati  Necr           ####......   100%        8    #######
 Death's Door             Chrm/Necr      ###.......   100%        8    #######
 Discord                  Hex            ##........   100%        8    #######
 Ignition                 Fire           #.........   100%        8    #######
 Infestation              Necr           ####......   100%        8    #######
 Necromutation            Tmut/Necr      ###.......   100%        8    #######
 Dragon's Call            Summ           #.........   100%        9    #######
 Shatter                  Erth           ####......   100%        9    #######
 Tornado                  Air            #.........   100%        9    #######


Dungeon Overview and Level Annotations

Branches:
Dungeon (15/15)            Temple (1/1) D:6            Lair (6/6) D:8
 Shoals (4/4) Lair:2        Snake (4/4) Lair:2        Slime (5/5) Lair:6
    Orc (2/2) D:10            Elf (3/3) Orc:2        Vaults (5/5) D:13
  Crypt (0/3) Vaults:3     Depths (5/5) D:15            Zot (5/5) Depths:5

Altars:
Ashenzari
Cheibriados
Elyvilon
Fedhas
Gozag
Makhleb
Ru
Sif Muna
Trog
Vehumet
Xom
Yredelemnul
The Shining One
Jiyva
Lugonu

Shops:
D:5 (   D:6 %:=[}   D:7 %   D:10 ?   Orc:1 %   Orc:2 ?}%(   Snake:2 (
Snake:3 %   Vaults:1 (?}}   Vaults:3 %   Vaults:4 (   Depths:1 [[
Depths:3 *[((   Depths:4 =

Portals:
Hell: Depths:1 Depths:2 Depths:3 Depths:4 Depths:5
Abyss: Depths:2 Depths:3 Depths:4 Depths:5
Pandemonium: Orc:2 Depths:3 Depths:4 Depths:5
Ziggurat: Depths:2
Trove: Vaults:4 (give 6 scrolls of blinking)


Innate Abilities, Weirdness & Mutations

You revert to your normal form in water.
You are very nimble and swift while swimming.
You are very stealthy in the water. (Stealth+)
Your body sometimes deteriorates upon taking damage.
Your magical capacity is low. (-10% MP)


Message History

A rock wall.
This square is covered in magical glow.
You begin to meditate on the wall.
You continue meditating on the rock.
Your skin stops crawling.
You continue meditating on the rock.
You finish merging with the rock.
Unknown command.
Casting: Passwall (safe; 2% risk of failure)
Confirm with . or Enter, or press ? or * to list all spells.
Aiming: Passwall (safe; 2% risk of failure)
Press: ? - help, Dir - move target cursor A rock wall.
This square is covered in magical glow.
You begin to meditate on the wall.
You continue meditating on the rock. x2
You finish merging with the rock.
A reaper comes into view. It is wielding a +1 scythe of flaming.
Unknown command.
There is a staircase leading out of the dungeon here.
The reaper misses you.
You have escaped!

###..................#.#.#.######
##..#...#######)####.#.#.#.#
....##...## #.# #.#...#.#
.##.###...## ##.####.##..#.#
###.# ##...###....##.....#.#### #
### ##...#.....#####.......# #
##.....2..#####.......#
##########........#^K>#.......#
................@.#####.......#
.########.........# #.......###
.######################........#.
............#####................
.....#...##......................
.............########............
.........#......######...........
..........#####.(..).##...#......
..........# ######.............


You could see a reaper.

Vanquished Creatures
  the Royal Jelly (Slime:5)
  7 orbs of fire (Zot:5)
  2 ancient liches
  A pandemonium lord (D:15)
  Frederick (Vaults:2)
  A Killer Klown (Zot:5)
  5 golden dragons
  3 caustic shrikes (Depths:4)
  2 electric golems
  21 Orb Guardians
  2 tentacled monstrosities
  3 deep elf blademasters
  2 titans
  2 deep elf master archers
  8 liches
  An acid blob (shapeshifter) (Depths:2)
  4 sphinxes
  16 acid blobs
  The ghost of nht the Brawler, an adept TrBe of Trog (Snake:1)
  11 tengu reavers
  A warmonger (D:3)
  8 storm dragons
  5 shadow dragons
  A draconian monk (Depths:5)
  6 azure jellies
  5 nagarajas
  9 fire giants
  2 draconian knights (Zot:4)
  An orc warlord (Vaults:2)
  9 vault wardens
  4 deep elf sorcerers
  2 imperial myrmidons (Desolation)
  6 frost giants
  2 iron dragons
  The ghost of Eguckew the Spry, a journeyman OpNe of Kikubaaqudgha (Shoals:2)
  2 balrugs
  An iron dragon (shapeshifter) (Depths:2)
  2 draconian shifters
  3 deep elf elementalists (Elf:3)
  A draconian annihilator (Zot:3)
  16 ironheart preservers
  A draconian stormcaller (Zot:3)
  18 stone giants
  3 war gargoyles (Depths:2)
  2 spriggan defenders (Depths:5)
  8 very ugly things
  A green draconian (Depths:5)
  A vampire knight (Depths:4)
  A reaper (Depths:5)
  6 black draconians
  7 deep elf demonologists
  2 white draconians
  4 red draconians
  2 lorocyprocas
  13 spark wasps
  2 yellow draconians
  7 deep elf annihilators
  2 halazid warlocks (Desolation)
  2 jiangshi (Depths:4)
  A crystal guardian (Desolation)
  5 deep elf death magi
  8 ettins
  6 death oozes
  2 merfolk javelineers (Shoals:4)
  A blizzard demon (Depths:1)
  A merfolk impaler (Shoals:1)
  2 deep elf high priests
  7 fire dragons
  13 yaktaur captains
  4 ragged hierophants (Desolation)
  11 great orbs of eyes
  A rakshasa (Vaults:3)
  8 spriggan air magi
  A hell beast (Zot:1)
  6 servants of whispers (Desolation)
  10 naga warriors
  10 ice dragons
  3 merfolk avatars
  12 vault guards
  10 peacekeepers (Desolation)
  5 anacondas
  4 hydras
  7 centaur warriors
  4 catoblepae
  2 death knights
  A juggernaut simulacrum (Depths:2)
  8 merfolk aquamancers
  3 satyrs (Shoals:4)
  18 two-headed ogres
  15 dancing weapons
  8 ogre magi
  An alligator snapping turtle (Shoals:4)
  11 deep troll shamans
  4 vampire magi
  7 deep troll earth magi
  3 orc high priests (Orc:2)
  4 death yaks (Lair:6)
  2 hell hogs (Abyss:4)
  3 tengu warriors
  4 spriggan berserkers
  2 thrashing horrors (Abyss:3)
  7 hell knights
  A titan skeleton (Depths:1)
  6 naga sharpshooters
  6 shock serpents
  2 wretched stars (Abyss:4)
  A soul eater (Depths:5)
  4 sun demons
  A shadow wraith (Depths:5)
  11 deep elf knights
  2 sixfirhies
  A salamander mystic (Snake:2)
  3 skeletal warriors (D:14)
  9 sea snakes
  8 unseen horrors
  2 iron trolls
  7 naga ritualists
  21 deep trolls
  9 deep elf archers
  2 glowing orange brains
  4 flayed ghosts
  2 starcursed masses (Abyss:4)
  A swamp dragon (shapeshifter) (D:15)
  11 ironbrand convokers
  3 wizards
  7 mana vipers
  18 orc knights
  A frost giant zombie (Depths:1)
  A phantasmal warrior (Vaults:5)
  6 necromancers
  2 stone giant zombies
  2 sphinx zombies
  26 deep elf magi
  A wolf spider (shapeshifter) (Depths:3)
  4 wolf spiders
  10 fauns
  2 oklob plants
  A fire giant zombie (Vaults:1)
  5 orc sorcerers
  22 ugly things
  A shining eye (Slime:4)
  10 manticores
  5 salamanders
  6 cyclopes
  3 merfolk sirens
  4 moths of wrath
  A manticore (shapeshifter) (Depths:5)
  A moth of wrath (shapeshifter) (Vaults:3)
  7 water nymphs
  A guardian serpent (shapeshifter) (D:13)
  5 elephants
  14 naga magi
  5 guardian serpents
  27 black mambas
  An eye of devastation (shapeshifter) (Depths:2)
  An eye of devastation (Slime:5)
  11 vault sentinels
  A molten gargoyle (Desolation)
  2 centaur skeletons
  A fire giant skeleton (Vaults:1)
  A storm dragon simulacrum (Vaults:2)
  5 rust devils
  3 smoke demons
  A komodo dragon (shapeshifter) (Vaults:2)
  10 spiny frogs
  3 rime drakes
  3 komodo dragons
  38 yaktaurs
  4 freezing wraiths
  A catoblepas zombie (Lair:6)
  2 demonic crawlers
  2 efreet
  A hellwing (Orc:2)
  4 ice devils (Depths:1)
  2 tengu conjurers
  An ancient zyme (Abyss:4)
  A red devil (Orc:2)
  5 trolls
  2 jumping spiders (shapeshifter)
  A queen bee (Lair:1)
  4 wind drakes
  27 merfolk
  4 blink frogs (Lair:6)
  A hornet (Vaults:2)
  50 saltlings (Desolation)
  4 dream sheep
  37 slime creatures
  A raiju (shapeshifter) (Elf:3)
  A spectral manticore (Shoals:4)
  3 raiju (Abyss:4)
  10 hippogriffs
  A hippogriff (shapeshifter) (Vaults:4)
  7 snapping turtles
  A spriggan zombie (Depths:1)
  A spectral black mamba (Snake:1)
  6 large abominations
  A shadow (D:15)
  2 meliai zombies
  4 flying skulls (Abyss:4)
  2 air elementals
  A spectral naga (Snake:1)
  18 water elementals
  3 wraiths
  4 wyverns
  5 small abominations
  37 yaks
  2 fire elementals
  3 basilisks
  9 golden eyes
  A hog (D:8)
  A human (D:8)
  2 humans (shapeshifter)
  4 neqoxecs
  A hungry ghost (D:8)
  A basilisk (shapeshifter) (Vaults:1)
  A steam dragon (D:10)
  8 wargs
  4 vampire mosquitoes
  5 chaos spawn
  2 insubstantial wisps (D:10)
  28 nagas
  2 acid dragons
  5 porcupines
  A soldier ant (shapeshifter) (Depths:1)
  Duvessa (D:7)
  11 water moccasins
  A spectral snapping turtle (Shoals:4)
  2 floating eyes (Depths:4)
  31 orc warriors
  5 sky beasts
  3 ice beasts
  A black bear (shapeshifter) (Depths:4)
  A black bear (D:10)
  A phantom (D:7)
  10 boggarts
  An ice beast (shapeshifter) (Vaults:1)
  4 eyes of draining
  3 human zombies
  29 ogres
  12 wolves
  18 centaurs
  A big kobold (D:10)
  7 crocodiles
  A komodo dragon zombie (Lair:6)
  16 bullfrogs
  A gnoll sergeant (D:12)
  A water nymph simulacrum (Shoals:4)
  An earth elemental (Elf:2)
  Dowan (D:7)
  A wyvern zombie (D:8)
  4 scorpions
  An elf simulacrum (Vaults:4)
  25 killer bees
  2 yak zombies (Lair:6)
  2 human simulacra
  An orc simulacrum (Vaults:2)
  A snapping turtle simulacrum (Shoals:4)
  4 howler monkeys
  10 wights
  3 electric eels (Lair:2)
  A bullfrog zombie (D:11)
  7 crimson imps
  6 centaur zombies
  8 jellies
  7 hounds
  A quasit (Abyss:3)
  23 orc priests
  A jelly (shapeshifter) (Vaults:5)
  24 orc wizards
  4 iguanas
  Natasha (thrice) (D:2 D:1)
  A hell rat (Depths:5)
  5 worker ants
  A hound zombie (D:5)
  2 hound skeletons (D:9)
  A howler monkey zombie (D:8)
  2 worker ant zombies
  17 adders
  An adder (shapeshifter) (Depths:4)
  10 gnolls
  2 naga simulacra (Snake:1)
  3 shadow imps
  6 white imps (Depths:1)
  An ufetubus (Vaults:4)
  8 oozes
  2 adder skeletons
  4 worms
  3 dart slugs
  5 leopard geckos
  89 orcs
  2 ball pythons
  6 bats
  5 giant cockroaches
  12 goblins
  8 hobgoblins
  16 jackals
  4 quokkas
  7 frilled lizards
  14 kobolds
  7 rats
  A butterfly (Lair:6)
  A fungus (Lair:2)
  3 plants
1796 creatures vanquished.

Vanquished Creatures (collateral kills)
  3 ancient liches (Zot:5)
  Sojobo (Vaults:4)
  A caustic shrike (Depths:4)
  A golden dragon (Vaults:5)
  A Killer Klown (Zot:3)
  Nikola (Snake:2)
  2 electric golems
  The ghost of MisterFreud the Brawler, an adept TrMo of Cheibriados (Shoals:4)
  2 tentacled monstrosities
  4 Orb Guardians (Zot:5)
  4 titans (Vaults:5)
  Polyphemus (Shoals:2)
  2 quicksilver dragons
  A deep elf master archer (Elf:3)
  2 acid blobs (Slime:5)
  Frances (Snake:2)
  Agnes (Snake:2)
  A death cob (Zot:4)
  7 shadow dragons
  3 sphinxes
  A draconian monk (Zot:4)
  3 tengu reavers
  Ilsuiw (Shoals:4)
  A storm dragon (Zot:4)
  A draconian knight (Zot:5)
  7 fire giants
  A nagaraja (Snake:2)
  2 azure jellies
  4 vault wardens
  A ghost moth (shapeshifter) (Vaults:4)
  3 frost giants
  A draconian shifter (Zot:5)
  8 ironheart preservers
  4 war gargoyles
  Louise (Snake:1)
  A deep elf elementalist (Elf:3)
  An entropy weaver (Vaults:5)
  A stone giant (Vaults:4)
  A vampire knight (Depths:4)
  The ghost of Viudeg the Spry, a journeyman MiCK of Xom (Lair:6)
  A deep elf demonologist (Elf:3)
  2 very ugly things
  A dire elephant (shapeshifter) (Depths:2)
  5 deep elf annihilators
  A red draconian (Zot:5)
  2 lorocyprocas (Depths:2)
  A halazid warlock (Desolation)
  3 yellow draconians
  3 purple draconians
  2 spark wasps
  A minotaur (Lair:6)
  2 merfolk javelineers (Shoals:4)
  A jiangshi (Depths:4)
  A green death (Depths:5)
  3 ettins
  A death ooze (Slime:5)
  8 merfolk impalers
  2 deep elf death magi
  3 deep elf high priests
  2 fire dragons
  4 yaktaur captains
  A great orb of eyes (Vaults:5)
  3 ice dragons
  15 vault guards
  A peacekeeper (Desolation)
  A rakshasa (Depths:2)
  3 naga warriors
  2 hydras
  2 catoblepae (Lair:6)
  A centaur warrior (Vaults:4)
  2 death knights
  2 anacondas
  6 ogre magi
  An alligator snapping turtle (Shoals:4)
  18 two-headed ogres
  5 merfolk aquamancers
  11 dancing weapons
  5 death yaks
  2 satyrs (Shoals:3)
  4 deep troll earth magi
  2 naga sharpshooters
  2 deep troll shamans
  3 orc high priests (Orc:2)
  2 shock serpents (Snake:3)
  4 deep elf knights
  A spriggan berserker (Depths:5)
  A salamander mystic (Snake:3)
  An infernal demonspawn (Orc:2)
  An unseen horror (Vaults:1)
  2 unseen horrors (shapeshifter)
  3 skeletal warriors
  12 deep trolls
  3 naga ritualists
  5 sea snakes
  A glowing orange brain (Depths:5)
  3 wizards
  7 deep elf archers
  8 ironbrand convokers
  4 orc knights
  2 wolf spiders (Vaults:5)
  10 ugly things
  4 cyclopes
  A salamander (Depths:3)
  21 deep elf magi
  9 fauns
  8 manticores
  3 mana vipers
  2 orc sorcerers (Orc:2)
  6 merfolk sirens
  3 oklob plants (Lair:2)
  A sphinx skeleton (Vaults:1)
  2 moths of wrath (Zot:4)
  A fire giant skeleton (Abyss:4)
  5 black mambas
  An elephant (Lair:3)
  A guardian serpent (Desolation)
  6 vault sentinels
  2 water nymphs (Shoals:2)
  2 centaur skeletons (D:13)
  5 naga magi
  An elf skeleton (Vaults:1)
  4 komodo dragons
  2 spiny frogs (Lair:6)
  A redback zombie (D:14)
  An ice devil (D:15)
  2 freezing wraiths
  19 yaktaurs
  An ancient zyme (Abyss:4)
  A rime drake (Lair:6)
  2 spectral nagas (Snake:1)
  A spectral harpy (Shoals:4)
  20 merfolk
  3 tengu conjurers
  A red devil (Orc:2)
  4 trolls
  A spectral merfolk (Shoals:4)
  7 saltlings (Desolation)
  7 wind drakes
  A raiju (shapeshifter) (Depths:5)
  4 blink frogs (Lair:6)
  12 slime creatures
  4 hornets
  7 dream sheep
  A hippogriff (D:12)
  2 snapping turtles
  12 water elementals
  An air elemental (Elf:1)
  2 shadows
  A redback (Vaults:5)
  8 yaks
  A large abomination (Depths:5)
  A fire bat (shapeshifter) (Vaults:3)
  2 golden eyes (Slime:5)
  2 chaos spawn
  A hungry ghost (D:14)
  A basilisk (Lair:6)
  4 vampire mosquitoes
  An insubstantial wisp (Depths:5)
  A warg (Vaults:3)
  A two-headed ogre zombie (D:15)
  10 nagas
  A floating eye (shapeshifter) (Vaults:5)
  A spectral snapping turtle (Shoals:4)
  An acid dragon (D:14)
  2 water moccasins
  An acid dragon (shapeshifter) (Depths:4)
  A porcupine (Lair:4)
  A hydra simulacrum (Depths:2)
  An ice beast (D:11)
  7 orc warriors
  A phantom (Depths:5)
  2 black mamba simulacra (Snake:1)
  10 ogres
  A centaur (D:14)
  3 wolves
  4 crocodiles (Lair:6)
  A bullfrog (D:13)
  3 merfolk simulacra (Shoals:4)
  A small abomination (Depths:5)
  A glowing shapeshifter simulacrum (Vaults:2)
  2 earth elementals (Elf:2)
  A killer bee (Lair:1)
  A scorpion (Depths:5)
  4 crimson imps
  A bullfrog zombie (D:13)
  2 human simulacra
  2 bullfrog skeletons (D:13)
  14 jellies
  2 orc priests
  4 orc wizards
  5 lightning spires (Zot:3)
  A white imp (Depths:1)
  7 oozes
  14 orcs
  A giant cockroach (Depths:5)
  A kobold (D:10)
  A butterfly (Lair:4)
  11 fungi
  15 plants
668 creatures vanquished.

Vanquished Creatures (others)
  2 bone dragons
  2 profane servitors (Zot:5)
  A draconian knight (Depths:5)
  A draconian scorcher (Zot:5)
  10 ghouls
  2 black draconians (Zot:3)
  7 vampire knights
  A spectral naga (Vaults:1)
  A vault guard (Vaults:5)
  A spriggan berserker (Depths:3)
  4 storm dragon zombies
  13 skeletal warriors
  2 spark wasp zombies (Depths:5)
  A very ugly thing zombie (Depths:5)
  2 shadow dragon zombies (Vaults:5)
  10 flayed ghosts
  3 anaconda zombies
  10 phantasmal warriors
  4 frost giant zombies
  5 ugly thing zombies
  2 fire giant zombies
  A sphinx zombie (Vaults:5)
  2 stone giant zombies
  4 draconian zombies
  A moth of wrath (Zot:5)
  3 shock serpent zombies
  2 black draconian zombies
  A red draconian zombie (Zot:2)
  A catoblepas zombie (Lair:6)
  A spriggan skeleton (Depths:5)
  A yaktaur (Depths:5)
  5 sea snake zombies
  4 ghoul skeletons (Zot:5)
  A moth of wrath zombie (Zot:1)
  5 ettin zombies
  3 ice dragon zombies
  A raiju (Zot:3)
  3 guardian serpent zombies
  13 flying skulls
  7 black mamba zombies
  2 wraiths
  14 vampires
  7 spriggan zombies
  3 wind drake zombies
  A wind drake skeleton (Shoals:4)
  9 deep troll zombies
  8 two-headed ogre zombies
  A water nymph zombie (Shoals:3)
  26 human zombies
  A naga (Snake:4)
  16 merfolk zombies
  3 spiny frog zombies
  3 faun zombies
  3 merfolk skeletons
  A faun skeleton (Shoals:2)
  An ogre skeleton (Vaults:2)
  A hornet zombie (D:14)
  3 blink frog zombies (Lair:6)
  30 elf zombies
  A dream sheep zombie (Shoals:1)
  9 manticore zombies
  2 elf skeletons
  A blink frog skeleton (Lair:6)
  2 ogres
  2 rime drake zombies (Lair:6)
  4 vampire mosquito zombies (D:15)
  A hog zombie (D:8)
  19 yaktaur zombies
  2 salamander zombies
  3 hippogriff zombies
  2 hippogriff skeletons
  A cyclops zombie (D:14)
  A wyvern zombie (D:14)
  4 water moccasin zombies
  2 wyvern skeletons
  4 tengu zombies
  A warg zombie (Vaults:3)
  2 raiju zombies (Abyss:4)
  3 troll zombies
  A yak skeleton (Lair:6)
  9 yak zombies
  4 wights
  4 wolf zombies (Lair:6)
  A spectral orc (Elf:2)
  11 centaur zombies
  A basilisk zombie (D:13)
  A centaur skeleton (D:8)
  A bullfrog skeleton (D:13)
  5 killer bee zombies
  4 crocodile zombies
  10 ogre zombies
  A sky beast zombie (D:10)
  18 naga zombies
  An acid dragon zombie (D:14)
  2 howler monkey zombies (D:14)
  A worker ant zombie (D:8)
  A scorpion zombie (D:7)
  A human skeleton (D:12)
  An adder skeleton (D:12)
  An iguana zombie (D:13)
  3 orc skeletons
  2 ball lightnings
  An orc (Vaults:1)
  A gnoll zombie (D:12)
  A leopard gecko zombie (D:7)
  58 orc zombies
  8 fungi
  6 plants
  6 starspawn tentacles (Abyss:4)
507 creatures vanquished.

Grand Total: 2971 creatures vanquished

Notes
Turn   | Place    | Note
-------+----------+-------------------------------------------
     0 | D:1      | Petrovich the Merfolk Gladiator began the quest for the
                  | Orb.
     0 | D:1      | Reached XP level 1. HP: 16/16 MP: 1/1
    35 | D:1      | Reached XP level 2. HP: 23/23 MP: 2/2
    40 | D:1      | Reached skill level 5 in Polearms
   293 | D:1      | Reached XP level 3. HP: 27/28 MP: 3/3
   603 | D:2      | Reached XP level 4. HP: 32/35 MP: 4/4
   676 | D:2      | Found a snail-covered altar of Cheibriados.
  1055 | D:2      | Noticed Natasha
  1065 | D:2      | Killed Natasha
  1065 | D:2      | Reached XP level 5. HP: 34/41 MP: 5/5
  1210 | D:2      | Noticed Natasha
  1439 | D:1      | Killed Natasha
  1475 | D:1      | Noticed Natasha
  1541 | D:1      | Killed Natasha
  2033 | D:3      | Reached XP level 6. HP: 48/48 MP: 6/6
  3167 | D:4      | Reached XP level 7. HP: 55/55 MP: 7/7
  3181 | D:4      | Noticed a two-headed ogre
  3320 | D:4      | Reached skill level 5 in Fighting
  3528 | D:4      | Killed a two-headed ogre
  3528 | D:4      | Reached XP level 8. HP: 22/65 MP: 8/8
  3859 | D:5      | Entered Level 5 of the Dungeon
  4057 | D:5      | Found Anomem's Antique Weapon Boutique.
  4704 | D:6      | Found a staircase to the Ecumenical Temple.
  4819 | D:6      | Reached XP level 9. HP: 65/72 MP: 9/9
  4834 | Temple   | Entered the Ecumenical Temple
  4859 | Temple   | Became a worshipper of Yredelemnul the Dark
  5300 | D:6      | Found Allingaps's Book Boutique.
  5310 | D:6      | Found Riorot's Jewellery Emporium.
  5319 | D:6      | Learned a level 1 spell: Animate Skeleton
  5321 | D:6      | Learned a level 1 spell: Apportation
  5332 | D:6      | Found Titt's Antique Armour Emporium.
  5418 | D:6      | Found Namet's Gadget Boutique.
  5481 | D:6      | Found Adetan's Food Shoppe.
  5580 | D:7      | Reached * piety under Yredelemnul
  6100 | D:7      | Noticed Duvessa
  6100 | D:7      | Noticed Dowan
  6273 | D:8      | Noticed a death yak
  6273 | D:8      | Noticed a death yak
  6380 | D:8      | Reached skill level 15 in Polearms
  6727 | D:7      | Found Sagovyu's Food Shoppe.
  6893 | D:7      | Reached skill level 1 in Invocations
  6997 | D:7      | Killed Duvessa
  7006 | D:7      | Killed Dowan
  7006 | D:7      | Reached XP level 10. HP: 82/82 MP: 11/11
  7110 | D:8      | Found a blossoming altar of Fedhas.
  7112 | D:8      | Found a radiant altar of Vehumet.
  7112 | D:8      | Found a shattered altar of Ashenzari.
  7113 | D:8      | Found a glowing golden altar of the Shining One.
  7113 | D:8      | Found an opulent altar of Gozag.
  7113 | D:8      | Found a sacrificial altar of Ru.
  7388 | D:8      | Reached ** piety under Yredelemnul
  7501 | D:8      | Found a staircase to the Lair.
  7639 | D:8      | Noticed a death yak
  7744 | D:9      | Got a brightly glowing trident
  7745 | D:9      | Identified the +2 trident of Hepliaklqana's Hope {freeze,
                  | Fragile rElec rPois Str+5} (You found it on level 9 of the
                  | Dungeon)
  8264 | D:9      | Reached skill level 1 in Shields
  8572 | D:10     | Entered Level 10 of the Dungeon
  8609 | D:10     | Reached skill level 5 in Dodging
  8700 | D:10     | Found a staircase to the Orcish Mines.
  8742 | D:10     | Got a faintly glowing plate armour
  8784 | D:10     | Reached *** piety under Yredelemnul
  8845 | D:10     | Found Qaufot's Magic Scroll Shop.
  8856 | D:10     | Bought a scroll of random uselessness for 15 gold pieces
  8856 | D:10     | Bought a scroll of fear for 52 gold pieces
  8856 | D:10     | Bought a scroll of silence for 112 gold pieces
  8856 | D:10     | Bought a scroll of amnesia for 52 gold pieces
  8856 | D:10     | Bought a scroll of identify for 30 gold pieces
  8856 | D:10     | Bought a scroll of magic mapping for 52 gold pieces
  8959 | D:10     | Got a crystal rapier
  9127 | D:10     | Reached skill level 10 in Fighting
  9322 | D:11     | Reached XP level 11. HP: 90/90 MP: 14/14
  9369 | D:11     | Noticed a red ugly thing
  9394 | D:11     | Killed a red ugly thing
  9969 | D:11     | Noticed an eight-headed hydra
  9998 | D:11     | Killed an eight-headed hydra
 10120 | D:12     | Noticed a white ugly thing
 10163 | D:11     | Killed a white ugly thing
 10407 | D:12     | Noticed Maurice
 10408 | D:12     | Noticed Maurice
 10408 | D:12     | Maurice changed into Maurice the porcupine
 10413 | D:12     | Killed Maurice the porcupine
 10413 | D:12     | Reached skill level 10 in Dodging
 10440 | D:12     | Noticed a white ugly thing
 10447 | D:12     | Noticed a deep elf mage
 10475 | D:12     | Killed a white ugly thing
 10487 | D:12     | Killed a deep elf mage
 10613 | D:12     | Noticed a brown ugly thing
 10729 | D:12     | Noticed a manticore
 10756 | D:12     | Killed a manticore
 10913 | D:12     | Noticed a manticore
 11023 | D:12     | Killed a manticore
 11129 | D:12     | Killed a brown ugly thing
 11184 | D:12     | Reached **** piety under Yredelemnul
 11208 | D:12     | Noticed a brown ugly thing
 11219 | D:12     | Killed a brown ugly thing
 11342 | D:12     | Received a gift from Yredelemnul (a wight)
 11343 | D:12     | Noticed a deep elf mage
 11372 | D:12     | Killed a deep elf mage
 11683 | D:13     | Reached XP level 12. HP: 100/100 MP: 15/15
 12333 | D:13     | Noticed a tengu warrior
 12357 | D:13     | Killed a tengu warrior
 12626 | D:10     | Bought a scroll of identify for 30 gold pieces
 12626 | D:10     | Bought a scroll of identify for 30 gold pieces
 12626 | D:10     | Bought a scroll of identify for 30 gold pieces
 12626 | D:10     | Bought a scroll of teleportation for 45 gold pieces
 12626 | D:10     | Bought a scroll of teleportation for 45 gold pieces
 12626 | D:10     | Bought a scroll of identify for 30 gold pieces
 12744 | Lair:1   | Entered Level 1 of the Lair of Beasts
 13291 | Lair:1   | Received a gift from Yredelemnul (a wight)
 13425 | Lair:2   | Identified the +4 plate armour of Instinct {Int+4} (You
                  | found it on level 10 of the Dungeon)
 13778 | Lair:2   | Found a staircase to the Snake Pit.
 13819 | Lair:2   | Found a staircase to the Shoals.
 13837 | Lair:2   | Reached ***** piety under Yredelemnul
 14013 | Lair:2   | Reached skill level 5 in Invocations
 14013 | Lair:2   | Received a gift from Yredelemnul (a wight)
 14521 | Lair:3   | Received a gift from Yredelemnul (4 flying skulls)
 14836 | Lair:4   | Reached skill level 15 in Dodging
 14859 | Lair:4   | Reached XP level 13. HP: 104/109 MP: 17/17
 15114 | Lair:4   | Received a gift from Yredelemnul (a flying skull)
 15322 | Lair:4   | Received a gift from Yredelemnul (a wight)
 15994 | Lair:6   | Entered Level 6 of the Lair of Beasts
 16053 | Lair:6   | Noticed Viudeg's ghost (journeyman MiCK)
 16057 | Lair:6   | Noticed a minotaur
 16090 | Lair:6   | Received a gift from Yredelemnul (a phantasmal warrior)
 16330 | Lair:6   | Found a staircase to the Slime Pits.
 16341 | Lair:6   | Received a gift from Yredelemnul (3 flying skulls)
 16498 | Lair:6   | Received a gift from Yredelemnul (a vampire)
 16774 | Lair:6   | Received a gift from Yredelemnul (5 flying skulls)
 16866 | Lair:6   | Found a runed gate.
 16866 | Lair:6   | Found a runed gate.
 16866 | Lair:6   | Found a runed gate.
 16987 | Lair:6   | Reached XP level 14. HP: 115/119 MP: 20/20
 17034 | Lair:6   | Received a gift from Yredelemnul (a skeletal warrior)
 17600 | Lair:6   | Killed Viudeg's ghost
 18020 | Lair:2   | Received a gift from Yredelemnul (a skeletal warrior)
 18382 | D:13     | Received a gift from Yredelemnul (a wraith)
 18394 | D:13     | Found a gate to the Vaults.
 18748 | D:14     | Noticed Nessos
 18962 | D:14     | Noticed Nessos
 18962 | D:14     | Nessos changed into Nessos the komodo dragon
 18965 | D:14     | Killed Nessos the komodo dragon
 19107 | D:14     | Reached ****** piety under Yredelemnul
 19379 | D:14     | Received a gift from Yredelemnul (a vampire)
 20233 | D:14     | Reached skill level 1 in Evocations
 20501 | D:15     | Entered Level 15 of the Dungeon
 20558 | D:15     | Reached XP level 15. HP: 112/127 MP: 21/21
 20558 | D:15     | Received a gift from Yredelemnul (a wraith)
 20777 | D:15     | Reached skill level 15 in Fighting
 21339 | D:15     | Found a staircase to the Depths.
 21854 | Orc:1    | Entered Level 1 of the Orcish Mines
 21854 | Orc:1    | Found Malef's Food Shoppe.
 22053 | Orc:1    | Received a gift from Yredelemnul (a vampire)
 22393 | Orc:2    | Entered Level 2 of the Orcish Mines
 22560 | Orc:2    | Found Illug's Distillery.
 22779 | Orc:2    | Found Bajewn's Magic Scroll Shoppe.
 22780 | Orc:2    | Found Ytwaby's Food Emporium.
 23008 | Orc:2    | Received a gift from Yredelemnul (a vampire)
 23160 | Orc:2    | Found a staircase to the Elven Halls.
 23561 | Orc:2    | Received a gift from Yredelemnul (a bone dragon)
 23596 | Orc:2    | Paralysed by an orc sorcerer for 4 turns
 23917 | Orc:2    | Found Fabbotse's Antique Weapon Shop.
 23917 | Orc:2    | Found Teith's Gadget Boutique.
 23917 | Orc:2    | Found a one-way gate leading to the halls of Pandemonium.
 24017 | Elf:1    | Entered Level 1 of the Elven Halls
 24793 | Elf:1    | You are confused.
 24800 | Elf:1    | Received a gift from Yredelemnul (a flayed ghost)
 24974 | Elf:1    | Reached XP level 16. HP: 76/136 MP: 20/22
 25358 | Elf:1    | Identified the Almanac of Protection and Changing
 25490 | Elf:1    | Identified the +5 dagger of the Extremely Mad {venom,
                  | *Corrode rElec rF+ Str+2}
 25536 | Elf:1    | Identified a scroll of acquirement
 25974 | Elf:2    | Received a gift from Yredelemnul (a ghoul)
 26163 | Elf:2    | Found a runed gate.
 26163 | Elf:2    | Found a runed gate.
 26173 | Elf:2    | Found a runed gate.
 26212 | Elf:2    | Received a gift from Yredelemnul (a vampire)
 26377 | Elf:2    | Received a gift from Yredelemnul (a ghoul)
 26692 | Elf:3    | Entered Level 3 of the Elven Halls
 27369 | Elf:3    | Noticed a deep elf master archer
 27370 | Elf:3    | Received a gift from Yredelemnul (a phantasmal warrior)
 27383 | Elf:3    | Killed a deep elf master archer
 27452 | Elf:2    | Received a gift from Yredelemnul (a profane servitor)
 27673 | Elf:3    | Noticed a Hell Sentinel
 27703 | Elf:3    | Reached XP level 17. HP: 115/142 MP: 23/23
 27705 | Elf:3    | Cast into level 3 of the Abyss (a deep elf demonologist)
 27734 | Abyss:3  | Noticed a kraken
 27917 | Abyss:4  | Paralysed by accursed screaming for 1 turns
 28134 | Abyss:4  | Noticed a tentacled monstrosity
 28460 | Abyss:4  | Received a gift from Yredelemnul (a phantasmal warrior)
 28461 | Abyss:4  | Noticed a tentacled starspawn
 28675 | Abyss:4  | Noticed a lich
 28684 | Abyss:4  | Killed a lich
 28861 | Abyss:4  | Received a gift from Yredelemnul (a profane servitor)
 28891 | Elf:3    | Escaped the Abyss
 29293 | Elf:3    | Noticed a deep elf master archer
 29309 | Elf:3    | Killed a deep elf master archer
 29691 | Elf:3    | Received a gift from Yredelemnul (a phantasmal warrior)
 29850 | Elf:3    | Noticed a deep elf blademaster
 29871 | Elf:3    | Killed a deep elf blademaster
 29874 | Elf:3    | Identified the +10 flail of the Beast {speed, Dex+4}
 29874 | Elf:3    | Identified the ring "Rager" {rPois rN++ Dex+3}
 30065 | Elf:3    | Identified the +7 quarterstaff "Qyxzelad" {flame, rElec
                  | MP+9 Str-2 Dex+5}
 30076 | Elf:3    | Identified the ring "Sug Ryow" {*Slow MR+ Int+2 Dex+2}
 30076 | Elf:3    | Noticed a deep elf blademaster
 30078 | Elf:3    | Identified the +8 mace "Hoafoekh" {holy, Str+6}
 30084 | Elf:3    | Killed a deep elf blademaster
 30324 | Elf:3    | Identified the +12 dagger of Gluttony {protect, rC+ rN+
                  | Int-2}
 30344 | Elf:3    | Identified the Grimoire of Doom
 30419 | Elf:3    | Identified Vuyvant's Grimoire of Toxic Creation
 30426 | Elf:3    | Got a heavily runed buckler
 30432 | Elf:3    | Identified the +0 buckler of Chill Winds {Int+4} (You found
                  | it on level 3 of the Elven Halls)
 30534 | Elf:3    | Got a heavily runed scale mail
 30540 | Elf:3    | Identified the +4 scale mail of the Yeti {-Tele rElec Int+5
                  | Stlth+} (You found it on level 3 of the Elven Halls)
 30828 | Orc:2    | Bought a scroll of teleportation for 48 gold pieces
 30828 | Orc:2    | Bought a scroll of identify for 32 gold pieces
 30828 | Orc:2    | Bought a scroll of identify for 32 gold pieces
 30828 | Orc:2    | Bought a scroll of identify for 32 gold pieces
 30828 | Orc:2    | Bought a scroll of torment for 120 gold pieces
 30828 | Orc:2    | Bought a scroll of teleportation for 48 gold pieces
 31153 | Orc:2    | Bought a potion of invisibility for 112 gold pieces
 31153 | Orc:2    | Bought a potion of flight for 42 gold pieces
 31153 | Orc:2    | Bought a potion of heal wounds for 70 gold pieces
 31153 | Orc:2    | Bought 2 potions of brilliance for 112 gold pieces
 31153 | Orc:2    | Bought a potion of heal wounds for 70 gold pieces
 31153 | Orc:2    | Bought a potion of lignification for 42 gold pieces
 31153 | Orc:2    | Bought a potion of haste for 140 gold pieces
 31153 | Orc:2    | Bought a potion of magic for 112 gold pieces
 31153 | Orc:2    | Bought a potion of might for 56 gold pieces
 31153 | Orc:2    | Bought a potion of brilliance for 56 gold pieces
 31153 | Orc:2    | Bought a potion of lignification for 42 gold pieces
 31153 | Orc:2    | Bought a potion of lignification for 42 gold pieces
 31383 | Snake:1  | Entered Level 1 of the Snake Pit
 31410 | Snake:1  | Reached skill level 1 in Armour
 31608 | Snake:1  | Received a gift from Yredelemnul (a vampire)
 31732 | Snake:1  | Noticed Louise
 31744 | Snake:1  | Killed Louise
 31876 | Snake:1  | Found a runed gate.
 31876 | Snake:1  | Found a runed gate.
 31876 | Snake:1  | Found a runed gate.
 31878 | Snake:1  | Noticed nht's ghost (adept TrBe)
 31920 | Snake:1  | Killed nht's ghost
 32113 | Snake:1  | Reached skill level 5 in Armour
 32120 | Snake:1  | Learned a level 2 spell: Blink
 32123 | Snake:1  | Learned a level 2 spell: Passwall
 32127 | Snake:1  | Learned a level 3 spell: Spectral Weapon
 32249 | Snake:2  | Received a gift from Yredelemnul (a skeletal warrior)
 32275 | Snake:2  | Noticed Nikola
 32276 | Snake:2  | Noticed Agnes
 32284 | Snake:2  | Killed Agnes
 32285 | Snake:2  | Killed Nikola
 32285 | Snake:2  | Reached XP level 18. HP: 146/149 MP: 22/24
 32346 | Snake:2  | Your ally Agnes died
 32367 | Snake:2  | Received a gift from Yredelemnul (a flayed ghost)
 32378 | Snake:2  | Noticed Frances
 32388 | Snake:2  | Killed Frances
 32465 | Snake:2  | Found Ostiesor's Weapon Shop.
 33087 | Snake:3  | Identified the cursed ring of Fagogo {rC+ Int-6 Dex+2 SInv}
                  | (You found it on level 3 of the Snake Pit)
 33137 | Snake:3  | Reached skill level 10 in Armour
 33141 | Snake:3  | Received a gift from Yredelemnul (a ghoul)
 33183 | Snake:3  | Found Kadupput's Food Shop.
 33475 | Snake:3  | Reached skill level 10 in Invocations
 33756 | Snake:4  | Entered Level 4 of the Snake Pit
 33803 | Snake:4  | Received a gift from Yredelemnul (a skeletal warrior)
 34489 | Snake:4  | Received a gift from Yredelemnul (a ghoul)
 34560 | Snake:4  | Reached skill level 1 in Translocations
 34786 | Snake:4  | Got a serpentine rune of Zot
 35177 | Shoals:1 | Entered Level 1 of the Shoals
 35262 | Shoals:1 | Received a gift from Yredelemnul (a flayed ghost)
 35592 | Shoals:1 | Reached XP level 19. HP: 147/155 MP: 26/28
 35602 | Shoals:1 | Learned a level 3 spell: Regeneration
 36017 | Shoals:2 | Received a gift from Yredelemnul (a flayed ghost)
 36260 | Shoals:2 | Noticed Polyphemus
 36283 | Shoals:2 | Killed Polyphemus
 36341 | Shoals:2 | Received a gift from Yredelemnul (a vampire knight)
 36343 | Shoals:2 | Found a runed door.
 36346 | Shoals:2 | Noticed Eguckew's ghost (journeyman OpNe)
 36437 | Shoals:2 | Killed Eguckew's ghost
 36445 | Shoals:2 | Identified the ring of False Hope {*Tele rF+} (You found it
                  | on level 2 of the Shoals)
 36953 | Shoals:3 | Received a gift from Yredelemnul (a ghoul)
 37556 | Shoals:4 | Entered Level 4 of the Shoals
 37616 | Shoals:4 | Received a gift from Yredelemnul (a skeletal warrior)
 37923 | Shoals:4 | Got a barnacled rune of Zot
 38106 | Shoals:4 | Reached skill level 5 in Translocations
 38307 | Shoals:4 | Received a gift from Yredelemnul (a flayed ghost)
 38375 | Shoals:4 | Found a runed gate.
 38375 | Shoals:4 | Found a runed gate.
 38375 | Shoals:4 | Found a runed gate.
 38375 | Shoals:4 | Noticed MisterFreud's ghost (adept TrMo)
 38434 | Shoals:4 | Noticed Ilsuiw
 38445 | Shoals:4 | Killed Ilsuiw
 38643 | Shoals:4 | Received a gift from Yredelemnul (a phantasmal warrior)
 38650 | Shoals:4 | Killed MisterFreud's ghost
 38985 | Vaults:1 | Entered Level 1 of the Vaults
 39000 | Vaults:1 | Found the +3 salamander hide armour {+Rage rF++}
 39200 | Vaults:1 | Reached XP level 20. HP: 165/165 MP: 26/29
 39200 | Vaults:1 | Received a gift from Yredelemnul (a flayed ghost)
 39334 | Vaults:1 | Received a gift from Yredelemnul (a skeletal warrior)
 39411 | Vaults:1 | Received a gift from Yredelemnul (a vampire knight)
 39484 | Vaults:1 | Identified the -1 pair of boots "Somoa" {-Cast Int+4 Dex+4}
                  | (You acquired it on level 1 of the Vaults)
 39572 | Vaults:1 | Found Mevvej's Weapon Boutique.
 39592 | Vaults:1 | Found Enulic's Magic Scroll Shoppe.
 39603 | Vaults:1 | Bought a scroll of identify for 34 gold pieces
 39603 | Vaults:1 | Bought a scroll of identify for 34 gold pieces
 39603 | Vaults:1 | Bought a scroll of teleportation for 51 gold pieces
 39603 | Vaults:1 | Bought a scroll of blinking for 127 gold pieces
 39603 | Vaults:1 | Bought 2 scrolls of identify for 68 gold pieces
 39603 | Vaults:1 | Bought a scroll of identify for 34 gold pieces
 39603 | Vaults:1 | Bought a scroll of fog for 34 gold pieces
 39675 | Vaults:1 | Received a gift from Yredelemnul (a phantasmal warrior)
 39779 | Vaults:1 | Found Emynnuli's Gadget Shop.
 39898 | Vaults:1 | Found Vemetial's Gadget Boutique.
 40503 | Vaults:2 | Received a gift from Yredelemnul (a flayed ghost)
 40592 | Vaults:2 | Received a gift from Yredelemnul (a skeletal warrior)
 41035 | Vaults:2 | Received a gift from Yredelemnul (a skeletal warrior)
 41198 | Vaults:2 | Received a gift from Yredelemnul (a skeletal warrior)
 41295 | Vaults:2 | Noticed Frederick
 41316 | Vaults:2 | Killed Frederick
 41628 | Vaults:2 | Paralysed by an ogre mage for 2 turns
 41731 | Vaults:2 | Reached XP level 21. HP: 174/174 MP: 30/30
 42568 | Vaults:3 | Identified the +0 pair of gloves of Minor Irritation {*Slow
                  | rPois rF+ rC+} (You found it on level 3 of the Vaults)
 42635 | Vaults:3 | Received a gift from Yredelemnul (a ghoul)
 42757 | Vaults:3 | Found a staircase to the Crypt.
 43117 | Vaults:3 | Found Uta Ydoe's Food Shoppe.
 43232 | Vaults:3 | Received a gift from Yredelemnul (a skeletal warrior)
 43658 | Vaults:3 | Found the +8 glaive of the Guard {elec, +Rage AC+5 SInv}
 43787 | Vaults:4 | Reached skill level 5 in Evocations
 43862 | Vaults:4 | Found a ruined gateway.
 43875 | Vaults:4 | Found Riguf's Weapon Boutique.
 43888 | Desolati | Entered the Desolation of Salt
 44151 | Desolati | Received a gift from Yredelemnul (a vampire)
 44255 | Desolati | Identified the +6 plate armour of Xisuss {MP+9 Slay+5} (You
                  | found it in the Desolation of Salt)
 44262 | Desolati | Identified the +1 plate armour of Abbekh Sake {rN+ Int+4}
                  | (You found it in the Desolation of Salt)
 44268 | Desolati | Identified Gexzabis's Grimoire of the Virous Blaze
 44292 | Desolati | Reached XP level 22. HP: 186/186 MP: 31/31
 44338 | Desolati | Identified the ring of Udyofies {rC+ MR+}
 44348 | Desolati | Received a gift from Yredelemnul (a phantasmal warrior)
 44378 | Desolati | Identified Voumecor's Papyrus of the Supportive Compass
 44382 | Desolati | Identified the cursed +0 pair of boots of Pantheism {rPois
                  | Int+5 Dex-3} (You found it in the Desolation of Salt)
 44480 | Desolati | Received a gift from Yredelemnul (a vampire)
 44819 | Desolati | Received a gift from Yredelemnul (a vampire)
 45371 | Vaults:4 | Found a portal to a secret trove of treasure.
 45462 | Vaults:4 | Received a gift from Yredelemnul (a phantasmal warrior)
 45853 | Vaults:4 | Noticed Sojobo
 45860 | Vaults:4 | Killed Sojobo
 46246 | Vaults:4 | Received a gift from Yredelemnul (a vampire)
 46316 | Vaults:4 | Upgraded the game from 0.23-a0-378-gd7a6ca6 to
                  | 0.23-a0-389-g4a5eb33
 46547 | Depths:1 | Entered Level 1 of the Depths
 46572 | Depths:1 | Reached skill level 1 in Spellcasting
 46721 | Depths:1 | Received a gift from Yredelemnul (a vampire)
 46771 | Depths:1 | Received a gift from Yredelemnul (a vampire knight)
 46788 | Depths:1 | Found Ykan Logg's Antique Armour Emporium.
 47024 | Depths:1 | Found Etuquufy's Armour Shoppe.
 47031 | Depths:1 | Bought the -2 hat of the Alchemist {rElec rPois rF+ rC+ rN+
                  | MR+ rMut rCorr} for 613 gold pieces
 47031 | Depths:1 | Found the -2 hat of the Alchemist {rElec rPois rF+ rC+ rN+
                  | MR+ rMut rCorr}
 47042 | Depths:1 | Found a gateway to Hell.
 47313 | Depths:1 | Received a gift from Yredelemnul (a phantasmal warrior)
 47486 | Depths:1 | Reached skill level 5 in Spellcasting
 47636 | Depths:2 | Reached XP level 23. HP: 143/196 MP: 32/32
 47712 | Depths:2 | Found a gateway to a ziggurat.
 47919 | Depths:2 | Received a gift from Yredelemnul (a vampire)
 48221 | Depths:2 | Received a gift from Yredelemnul (a flayed ghost)
 48621 | Depths:2 | Found a one-way gate to the infinite horrors of the Abyss.
 48634 | Depths:2 | Identified a +0 pair of boots of running (You found it on
                  | level 2 of the Depths)
 48699 | Depths:2 | Got a polished spear
 48700 | Depths:2 | Identified the +3 spear of Unreason {pierce, rElec Stlth+}
                  | (You found it on level 2 of the Depths)
 48777 | Depths:2 | Received a gift from Yredelemnul (a phantasmal warrior)
 48925 | Depths:3 | Reached skill level 1 in Hexes
 48925 | Depths:3 | Reached skill level 1 in Charms
 49618 | Depths:3 | Found Atrorong's Antique Weapon Shoppe.
 49700 | Depths:3 | Found a runed door.
 49700 | Depths:3 | Noticed a golden dragon
 49760 | Depths:3 | Killed a golden dragon
 49784 | Depths:3 | Got a pair of dazzling boots
 49785 | Depths:3 | Identified the cursed +0 pair of boots of Wonder {*Contam
                  | MR+ Str+4} (You found it on level 3 of the Depths)
 49889 | Depths:3 | Found Gozag's Antique Armour Shop.
 49893 | Depths:3 | Noticed a golden dragon
 49896 | Depths:3 | Found Gozag's Assorted Antiques.
 49896 | Depths:3 | Found an opulent altar of Gozag.
 49901 | Depths:3 | Found Gozag's Antique Weapon Shop.
 49928 | Depths:3 | Killed a golden dragon
 50410 | Depths:4 | Received a gift from Yredelemnul (a ghoul)
 50457 | Depths:4 | Found a corrupted altar of Lugonu.
 50579 | Depths:4 | Paralysed by a floating eye for 3 turns
 50882 | Depths:4 | Found Wumpux's Jewellery Boutique.
 50985 | Depths:4 | Reached XP level 24. HP: 172/206 MP: 34/34
 51098 | Depths:4 | Got a spiked cloak
 51099 | Depths:4 | Identified the +0 cloak of Perfidy {+Blink Dex+4 Slay+5}
                  | (You found it on level 4 of the Depths)
 51133 | Depths:4 | Noticed a caustic shrike
 51147 | Depths:4 | Killed a caustic shrike
 51149 | Depths:4 | Identified the ring of Saonaing {Fire Str+2 Stlth+} (You
                  | found it on level 4 of the Depths)
 51258 | Depths:4 | Got a transparent iron ring
 51259 | Depths:4 | Identified the ring "Duanommu" {Wiz Str+3} (You found it on
                  | level 4 of the Depths)
 51383 | Depths:4 | Received a gift from Yredelemnul (a skeletal warrior)
 51832 | Depths:5 | Entered Level 5 of the Depths
 51838 | Depths:5 | Noticed a caustic shrike
 51838 | Depths:5 | Noticed a caustic shrike
 51854 | Depths:4 | Killed a caustic shrike
 52057 | Depths:4 | Killed a caustic shrike
 52147 | Depths:5 | Noticed a caustic shrike
 52161 | Depths:4 | Killed a caustic shrike
 52403 | Depths:5 | Received a gift from Yredelemnul (a vampire knight)
 52724 | Depths:5 | Reached skill level 5 in Charms
 52816 | Depths:5 | Reached skill level 5 in Hexes
 52926 | Depths:5 | Received a gift from Yredelemnul (a vampire knight)
 52972 | Depths:5 | Received a gift from Yredelemnul (a profane servitor)
 52991 | Depths:5 | Found a gate to the Realm of Zot.
 53153 | Depths:5 | Found a runed gate.
 53582 | Depths:5 | Reached skill level 10 in Spellcasting
 53655 | Depths:5 | Received a gift from Yredelemnul (a flayed ghost)
 53736 | Depths:5 | Found a runed gate.
 53737 | Depths:5 | Found a runed gate.
 53876 | Depths:5 | Received a gift from Yredelemnul (a ghoul)
 53966 | Depths:5 | Learned a level 5 spell: Borgnjor's Vile Clutch
 53972 | Depths:5 | Learned a level 5 spell: Yara's Violent Unravelling
 53979 | Depths:5 | Learned a level 6 spell: Deflect Missiles
 54410 | Slime:1  | Entered Level 1 of the Pits of Slime
 54452 | Slime:1  | Reached skill level 1 in Necromancy
 54452 | Slime:1  | Reached skill level 1 in Earth Magic
 54493 | Slime:2  | Learned a level 3 spell: Lesser Beckoning
 54510 | Slime:3  | Reached XP level 25. HP: 215/217 MP: 32/37
 54527 | Slime:2  | Received a gift from Yredelemnul (a skeletal warrior)
 54731 | Slime:5  | Entered Level 5 of the Pits of Slime
 55129 | Slime:5  | Noticed the Royal Jelly
 55155 | Slime:5  | Found a viscous altar of Jiyva.
 55165 | Slime:5  | Killed the Royal Jelly
 55167 | Slime:5  | Received a gift from Yredelemnul (a phantasmal warrior)
 55175 | Slime:5  | Found the +2 Maxwell's thermic engine {flame, freeze}
 55186 | Slime:5  | Reached skill level 5 in Necromancy
 55186 | Slime:5  | Reached skill level 5 in Earth Magic
 55274 | Slime:5  | Identified the ring of Suspicion {MP+9 SInv} (You found it
                  | on level 5 of the Pits of Slime)
 55275 | Slime:5  | Identified the ring "Nyts" {rN++ Dex+3} (You found it on
                  | level 5 of the Pits of Slime)
 55276 | Slime:5  | Got a slimy rune of Zot
 55294 | Slime:5  | Identified the ring "Wuutwer" {rC+ MR+} (You found it on
                  | level 5 of the Pits of Slime)
 55740 | Vaults:5 | Entered Level 5 of the Vaults
 55829 | Vaults:5 | Received a gift from Yredelemnul (a vampire knight)
 55981 | Vaults:5 | Got a silver rune of Zot
 55994 | Vaults:5 | Received a gift from Yredelemnul (a phantasmal warrior)
 56029 | Vaults:5 | Got a bloodstained scythe
 56087 | Vaults:5 | Noticed an ancient lich
 56106 | Vaults:5 | Killed an ancient lich
 56107 | Vaults:5 | Received a gift from Yredelemnul (a flayed ghost)
 56158 | Vaults:5 | Identified the cursed +0 cloak of the Everdark {*Contam
                  | rPois rF+++} (You found it on level 5 of the Vaults)
 56320 | Vaults:5 | Received a gift from Yredelemnul (a vampire knight)
 56326 | Vaults:5 | Reached XP level 26. HP: 223/223 MP: 37/37
 56435 | Vaults:5 | Reached skill level 10 in Evocations
 56884 | Zot:1    | Entered Level 1 of the Realm of Zot
 57528 | Zot:5    | Entered Level 5 of the Realm of Zot
 57634 | Zot:3    | Received a gift from Yredelemnul (a ghoul)
 57667 | Zot:3    | Received a gift from Yredelemnul (a vampire)
 58075 | Zot:5    | Noticed an ancient lich
 58091 | Zot:5    | Reached skill level 10 in Necromancy
 58091 | Zot:5    | Reached skill level 10 in Earth Magic
 58091 | Zot:5    | Received a gift from Yredelemnul (a vampire)
 58094 | Zot:5    | Killed an ancient lich
 58095 | Zot:5    | Noticed an ancient lich
 58097 | Zot:5    | Noticed an ancient lich
 58098 | Zot:5    | Noticed an orb of fire
 58100 | Zot:5    | Killed an ancient lich
 58105 | Zot:5    | Killed an ancient lich
 58106 | Zot:5    | Noticed an orb of fire
 58111 | Zot:5    | Gained mutation: Your magical capacity is low. (-10% MP)
                  | [an orb of fire]
 58113 | Zot:5    | Killed an orb of fire
 58120 | Zot:5    | Killed an orb of fire
 58123 | Zot:5    | You are confused.
 58125 | Zot:5    | Noticed an orb of fire
 58140 | Zot:5    | Killed an orb of fire
 58140 | Zot:5    | Noticed an orb of fire
 58150 | Zot:5    | Killed an orb of fire
 58150 | Zot:5    | Reached XP level 27. HP: 111/231 MP: 33/33
 58159 | Zot:5    | Noticed an orb of fire
 58295 | Zot:5    | Killed an orb of fire
 58312 | Zot:5    | Noticed an orb of fire
 58323 | Zot:5    | Killed an orb of fire
 58335 | Zot:5    | Received a gift from Yredelemnul (a bone dragon)
 58366 | Zot:5    | Noticed an ancient lich
 58378 | Zot:5    | Killed an ancient lich
 58447 | Zot:5    | Received a gift from Yredelemnul (a skeletal warrior)
 58493 | Zot:5    | Noticed an orb of fire
 58496 | Zot:5    | Gained mutation: Your body sometimes deteriorates upon
                  | taking damage. [an orb of fire]
 58505 | Zot:5    | Killed an orb of fire
 58507 | Zot:5    | Got the Orb of Zot
 58697 | Zot:2    | You are confused.
 58915 | D:15     | Noticed Ceyt the pandemonium lord
 58920 | D:15     | Killed Ceyt the pandemonium lord
 59137 | D:6      | Received a gift from Yredelemnul (a ghoul)
 59301 | D:$      | Escaped with the Orb!

Vault maps used:
D:1:      elethiomel_arrival_shortcut, grunt_decor_one_mirror
D:2:      lemuel_crystal_altar, minmay_tetromino_o2, uniq_natasha
D:3:      kennysheep_minor_cross, kennysheep_generic_room_8
D:4:      first_ration
D:5:      serial_shops, nicolae_shop_stone
D:6:      temple_pool_b, serial_shops, shop_fountains, kennysheep_mini,
          nicolae_shop_crystal, shop, nicolae_shop_stone,
          kennysheep_generic_room_15
D:7:      serial_shops, shop, uniq_duvessa
D:8:      grunt_temple_overflow_open, dpeg_lair_monsters, grunt_livestock
D:10:     minmay_orc_entry_guard_dogs, serial_shops, shop, st_stairs_4,
          hangedman_misty_isle
D:12:     uniq_maurice
D:13:     hangedman_vaults_entry_quadrant_bands, minmay_misc_feat_square,
          hangedman_decor_diamond_cutter, lightli_wizard_tower
D:14:     roderic_roman_lattice, uniq_nessos
D:15:     hangedman_depths_entry_civil_slaughter, small_statue_intersection
Temple:   regret_index_temple_waves
Lair:1:   special_room, grunt_megastairs_1
Lair:2:   minmay_shoals_entry_beasts, minmay_snake_entry_guardpost_medium,
          serial_bayou_lake_a, minmay_lair_oklob_chamber
Lair:3:   grunt_megastairs_5, serial_bayou_shore_a
Lair:4:   lemuel_slime, grunt_megastairs_2, infiniplex_staircase_pool_2,
          lemuel_fruit_fields
Lair:5:   serial_bayou_shore_b, lemuel_fruit_tree
Lair:6:   evilmike_catoblepas_cave, minmay_slime_entry_jelly_boxes,
          maelrawn_ghost_labyrinth_escape
Shoals:2: ebering_ghost_reflecting_pool, nicolae_shoals_water_shrine,
          uniq_polyphemus
Shoals:3: cheibrodos_shoals_oceanic_diplomacy, nicolae_shoals_wave_tunnel
Shoals:4: shoals_end_grunt_ice, shoals_ilsuiw_ice, gammafunk_ghost_necromancy,
          yaktaur_hedge
Snake:1:  gammafunk_ghost_necromancy, serial_bayou_shore_b, uniq_louise
Snake:2:  serial_shops, shop, st_stairs_12, uniq_frances, uniq_nikola,
          uniq_agnes
Snake:3:  serial_shops, shop, nrook_loot_triangle, st_stairs_1
Snake:4:  snake_pit
Orc:1:    serial_shops, nicolae_shop_stone
Orc:2:    pf_orc_diabolical, serial_shops, shop
Elf:1:    elf_arrival_002, minivault_28, minivault_27, st_stairs_3, fountainhead
Elf:3:    elf_hall, hangedman_elf_simple_split
Vaults:1: ontoclasm_vaults_decontamination, nicolae_vaults_little_squares_2,
          st_diamondy, v_misc_1, hangedman_vaults_trim, hangedman_vaults_locks,
          hangedman_vaults_maws, vaults_dpeg_encased_lava, serial_shops, shop,
          shop, shop, nicolae_shop_stone
Vaults:2: hangedman_vaults_stream, vaults_mumra_chevron, vaults_room_semicircle,
          v_misc_27, nicolae_vaults_bisected_slash,
          nicolae_vaults_halls_meeting, vaults_mumra_hex,
          grunt_vaults_hallway_long, vaults_mumra_hexcomb,
          hangedman_vaults_trim, grunt_vaults_swirl,
          nicolae_vaults_little_squares_4, vaults_room_ringed_pool,
          uniq_frederick
Vaults:3: minmay_crypt_entry_nasty_monster, nicolae_vaults_asterisk,
          minmay_guarded_unrand_guard_vaults, hangedman_vaults_variations,
          ontoclasm_vaults_spin, v_misc_10, v_misc_1, nicolae_vaults_what_the_h,
          vaults_room_octagon, nicolae_vaults_little_squares_4,
          hangedman_vaults_slither, serial_shops, shop
Vaults:4: nicolae_vaults_little_squares_6, st_cells,
          ontoclasm_vaults_loading_screen, grunt_vaults_funnel, v_misc_4,
          v_misc_10, ontoclasm_vaults_chip, stair_cage_open,
          ontoclasm_vaults_fault, serial_ice_b,
          nicolae_vaults_ring_of_whatevers, serial_shops,
          nicolae_shop_behind_doors, enter_trove_0,
          portal_desolation_entry_nicolae_slug, uniq_sojobo
Vaults:5: serial_shops
Depths:1: chequers_decorated_corner, serial_shops, nicolae_shop_behind_doors,
          shop, pf_vacation_house_of_asmodeus, corexii_hall_statues_i,
          minmay_curled_crystal, interstate_on_off, minmay_fire_ice_demons
Depths:2: hangedman_crystal_crosses_colossus, serial_shops, hell_entry,
          abyss_entry
Depths:3: kennysheep_gozag_temple, rand_demon_pan_entry_3, serial_shops, shop,
          hell_entry, abyss_entry, hangedman_abyss_or_decor_lesser_grid,
          kennysheep_treasure_room
Depths:4: minmay_the_grid_octo_triangle, serial_shops, shop,
          abyss_entry_flame_altar, grunt_hell_entry_dis_mu, pan_entry,
          serial_bayou_shore_b, infiniplex_staircase_zigzag_4, firewood_loft
Depths:5: grunt_zot_entry_funnels, pan_entry, hex_intersection,
          minmay_room_of_horrors, pf_coc_iceberg, minmay_misc_feat_five,
          pandoras_box_mu, grunt_megastairs_4
Zot:2:    grunt_ministairs_6
Zot:3:    infiniplex_zot_generator, st_small_dragon_hoard_2,
          st_small_dragon_hoard_4, grunt_ministairs_3, st_stairs_8
Abyss:3:  guppyfry_abyss_exit_imp_island, nicolae_abyss_rune_left_handed
Abyss:4:  evilmike_abyss_exit_10

Skill      XL: |  1  2  3  4  5  6  7  8  9 10 11 12 13 14 15 16 17 18 19 20 21 22 23 24 25 26 27 |
---------------+----------------------------------------------------------------------------------+-----
Polearms       | 5 6 7 8 9 11 13 15 16 20 23 26 | 26.0
Fighting       | 3 4 6 7 8 10 11 12 13 14 15 16 17 18 20 22 | 22.4
Invocations    | 1 4 6 8 9 12 | 12.0
Shields        | 3 4 |  4.0
Dodging        | 7 12 15 17 19 20 21 22 23 24 26 | 26.2
Evocations     | 1 3 5 7 9 11 | 11.6
Armour         | 7 10 11 12 | 12.0
Translocations | 2 5 7 8 |  8.0
Spellcasting   | 5 7 10 | 10.0
Hexes          | 3 5 |  5.0
Charms         | 3 5 6 |  6.0
Necromancy     | 1 7 10 12 | 12.0
Earth Magic    | 1 7 10 12 | 12.0
Throwing       | |  2.0

Action                   |  1- 3 |  4- 6 |  7- 9 | 10-12 | 13-15 | 16-18 | 19-21 | 22-24 | 25-27 || total
-------------------------+-------+-------+-------+-------+-------+-------+-------+-------+-------++-------
Melee: Trident           |   101 |   237 |   260 |   777 |   871 |       |       |       |       ||  2246
       Halberd           |       |       |   129 |    53 |   497 |       |       |       |       ||   679
       Bardiche          |       |       |       |       |    70 |   996 |  1344 |  1246 |   675 ||  4331
       Tailslap          |       |       |       |       |       |     1 |    11 |       |       ||    12
       Glaive            |       |       |       |       |       |       |       |   124 |       ||   124
Throw: Throwing net      |       |     3 |     3 |       |       |       |       |       |    10 ||    16
 Cast: Apportation       |       |       |       |       |       |     1 |     8 |    12 |    89 ||   110
       Lesser Beckoning  |       |       |       |       |       |       |       |       |     2 ||     2
       Regeneration      |       |       |       |       |       |       |       |       |    46 ||    46
       Blink             |       |       |       |       |       |       |       |       |    17 ||    17
       Passwall          |       |       |       |       |       |       |       |       |    10 ||    10
       Borgnjor's Vile C |       |       |       |       |       |       |       |       |     2 ||     2
Invok: Animate Remains   |       |       |     6 |    12 |       |       |       |       |       ||    18
       Animate Dead      |       |       |       |    31 |    70 |    68 |    86 |    64 |    29 ||   348
       Recall Undead Sla |       |       |       |     3 |    23 |    27 |    32 |    11 |    22 ||   118
       Enslave Soul      |       |       |       |       |     2 |     1 |       |       |       ||     3
       Drain Life        |       |       |       |       |       |       |       |     1 |       ||     1
       Stop Recall       |       |       |       |       |       |       |       |     1 |       ||     1
Evoke: Wand              |       |     2 |    43 |    24 |     3 |     3 |       |     2 |     3 ||    80
       Lightning rod     |       |       |       |       |       |       |     3 |       |       ||     3
       Lamp of fire      |       |       |       |       |       |       |     1 |     2 |     1 ||     4
       Phial of floods   |       |       |       |       |       |       |       |     1 |       ||     1
  Use: Scroll            |       |       |     3 |    18 |    15 |    27 |    21 |    12 |    29 ||   125
       Potion            |       |       |       |       |     1 |     7 |       |     1 |    19 ||    28
 Stab: Sleeping          |       |     6 |     3 |     8 |     4 |     3 |     3 |     3 |     1 ||    31
       Held in net/web   |       |     4 |     4 |       |       |       |       |       |     3 ||    11
       Distracted        |       |       |     2 |    12 |    18 |    16 |    34 |    28 |    17 ||   127
       Petrified         |       |       |       |       |     2 |       |       |       |       ||     2
       Paralysed         |       |       |       |       |       |     1 |     1 |     1 |       ||     3
       Betrayed ally     |       |       |       |       |       |       |       |       |     1 ||     1
       Invisible         |       |       |       |       |       |       |       |       |    12 ||    12
  Eat: Chunk             |       |     8 |    13 |    34 |    39 |    13 |    30 |    18 |       ||   155
       Ration            |       |       |       |     2 |     5 |    12 |     7 |    11 |     9 ||    46
Armor: Leather armour    |    12 |    23 |    15 |       |       |       |       |       |       ||    50
       Ring mail         |       |       |    16 |    70 |    97 |    89 |   113 |   131 |    47 ||   563
Dodge: Dodged            |    47 |    81 |   124 |   272 |   617 |   577 |   858 |   839 |   479 ||  3894
Block: Shield            |       |       |       |   183 |   198 |       |       |       |       ||   381
       Other             |       |       |       |       |       |       |    82 |   125 |    91 ||   298
       Reflection        |       |       |       |       |       |       |     7 |    10 |     8 ||    25

Table legend:
 A = Non-vault XP
 B = Vault XP
 C = Vault XP percentage of total XP
 D = Non-vault monster count
 E = Vault monster count
 F = Vault count percentage of total count
                 A         B        C        D         E       F
            +---------+---------+-------+---------+---------+-------
      Total |  572760 |  771901 |  57.4 |    1435 |     971 |  40.4
            +---------+---------+-------+---------+---------+-------
        D:1 |     116 |       0 |   0.0 |      28 |       0 |   0.0
        D:2 |     139 |      36 |  20.6 |      29 |       2 |   6.5
        D:3 |     305 |       7 |   2.2 |      33 |       2 |   5.7
        D:4 |    1157 |       0 |   0.0 |      18 |       0 |   0.0
        D:5 |     274 |      88 |  24.3 |      10 |       1 |   9.1
        D:6 |    1194 |       0 |   0.0 |      39 |       0 |   0.0
        D:7 |     762 |     204 |  21.1 |      29 |       2 |   6.5
        D:8 |    1391 |     362 |  20.7 |      15 |       2 |  11.8
        D:9 |     602 |       0 |   0.0 |      15 |       0 |   0.0
       D:10 |    1370 |    1540 |  52.9 |      17 |      11 |  39.3
       D:11 |    3555 |       0 |   0.0 |      21 |       0 |   0.0
       D:12 |    5441 |     155 |   2.8 |      23 |       1 |   4.2
       D:13 |    3178 |    5420 |  63.0 |      19 |      18 |  48.6
       D:14 |   14565 |     239 |   1.6 |      49 |       1 |   2.0
       D:15 |   14534 |    3297 |  18.5 |      33 |       6 |  15.4
     Lair:1 |     463 |    1987 |  81.1 |       3 |      25 |  89.3
     Lair:2 |    2171 |    3398 |  61.0 |      12 |      15 |  55.6
     Lair:3 |    3409 |     403 |  10.6 |      19 |       1 |   5.0
     Lair:4 |    5831 |    2139 |  26.8 |      29 |      27 |  48.2
     Lair:5 |    2330 |       0 |   0.0 |      11 |       0 |   0.0
     Lair:6 |   11275 |   11615 |  50.7 |      51 |      42 |  45.2
   Shoals:1 |   15356 |       0 |   0.0 |      39 |       0 |   0.0
   Shoals:2 |   13610 |    9248 |  40.5 |      38 |      15 |  28.3
   Shoals:3 |    9313 |    7919 |  46.0 |      26 |      21 |  44.7
   Shoals:4 |   12283 |   20000 |  62.0 |      39 |      49 |  55.7
    Snake:1 |    7411 |    3984 |  35.0 |      16 |      10 |  38.5
    Snake:2 |   15305 |    6113 |  28.5 |      36 |       4 |  10.0
    Snake:3 |   19976 |    1984 |   9.0 |      42 |       3 |   6.7
    Snake:4 |    4895 |   24355 |  83.3 |       8 |      42 |  84.0
    Slime:1 |    3665 |       0 |   0.0 |       7 |       0 |   0.0
    Slime:2 |    7586 |       0 |   0.0 |      12 |       0 |   0.0
    Slime:3 |    7803 |       0 |   0.0 |       7 |       0 |   0.0
    Slime:4 |    4429 |       0 |   0.0 |      14 |       0 |   0.0
    Slime:5 |   16756 |   29305 |  63.6 |      22 |      14 |  38.9
      Orc:1 |    2462 |       0 |   0.0 |      28 |       0 |   0.0
      Orc:2 |    1993 |   13106 |  86.8 |      33 |      55 |  62.5
      Elf:1 |   11960 |    8234 |  40.8 |      24 |      16 |  40.0
      Elf:2 |   16659 |    7177 |  30.1 |      28 |      13 |  31.7
      Elf:3 |    4795 |   37888 |  88.8 |      10 |      28 |  73.7
   Vaults:1 |   29772 |   14712 |  33.1 |      78 |      32 |  29.1
   Vaults:2 |   33589 |   26041 |  43.7 |      69 |      33 |  32.4
   Vaults:3 |   29849 |   41611 |  58.2 |      55 |      53 |  49.1
   Vaults:4 |   27333 |   21968 |  44.6 |      43 |      22 |  33.8
   Vaults:5 |   19076 |  106033 |  84.8 |      35 |      94 |  72.9
   Depths:1 |   33083 |    6937 |  17.3 |      44 |      24 |  35.3
   Depths:2 |       0 |   57737 | 100.0 |       0 |      53 | 100.0
   Depths:3 |   18235 |   23483 |  56.3 |      20 |      17 |  45.9
   Depths:4 |   26230 |   39495 |  60.1 |      34 |      24 |  41.4
   Depths:5 |   46747 |   37660 |  44.6 |      53 |      56 |  51.4
      Zot:1 |    5525 |       0 |   0.0 |       3 |       0 |   0.0
      Zot:2 |    1227 |       0 |   0.0 |       1 |       0 |   0.0
      Zot:3 |    6783 |   17335 |  71.9 |       6 |      13 |  68.4
      Zot:4 |   11928 |       0 |   0.0 |      12 |       0 |   0.0
      Zot:5 |   17994 |  135455 |  88.3 |      15 |      36 |  70.6
    Abyss:3 |    1724 |       0 |   0.0 |       3 |       0 |   0.0
    Abyss:4 |   13346 |       0 |   0.0 |      32 |       0 |   0.0
 Desolation |       0 |   43231 | 100.0 |       0 |      88 | 100.0
            +---------+---------+-------+---------+---------+-------
